 Dungeon Crawl Stone Soup version 0.29.1-1-gd02db6906a (webtiles) character file.

Game seed: 12781357942487663329

70 xian the Trooper (level 4, -2/35 HPs)
             Began as a Demonspawn Chaos Knight on Oct 10, 2022.
             Was a Plaything of Xom.
             Slain by an adder (3 damage)
             ... on level 3 of the Dungeon on Oct 11, 2022.
             The game lasted 00:05:39 (1729 turns).

xian the Trooper (Demonspawn Chaos Knight)          Turns: 1729, Time: 00:05:41

Health: -2/35      AC:  7    Str: 17 (18) XL:     4   Next: 3%
Magic:  4/4        EV: 11    Int: 16 (19) God:    Xom [*.....]
Gold:   88         SH:  0    Dex:  9 (11) Spells: 3/3 levels left

rFire   + + .      SeeInvis .   a - +0 hand axe (chaos)
rCold   . . .      Faith    .   (no shield)
rNeg    . . .      Spirit   .   b - +2 leather armour
rPois   .          Reflect  .   h - +2 hat
rElec   .          Harm     .   (no cloak)
rCorr   .          Rampage  .   (no gloves)
Will    .....                   (no boots)
Stlth   +.........              e - amulet of magic regeneration
HPRegen 0.11/turn               g - ring of protection from fire
MPRegen 0.49/turn               l - +6 ring of intelligence

@: lethally poisoned (-2 -> -5)
A: antennae 2, icy blue scales 1, deformed body, fire resistance 1, strong 1
a: Renounce Religion


You were on level 3 of the Dungeon.
You worshipped Xom.
You were a special plaything of Xom.
You visited 1 branch of the dungeon, and saw 3 of its levels.

You collected 88 gold pieces.

Inventory:

Hand Weapons
 a - a +0 hand axe of chaos (weapon)
Missiles
 j - 23 stones (quivered)
Armour
 b - a +2 leather armour (worn)
 h - a +2 hat (worn)
 n - a +0 chain mail
Jewellery
 e - an amulet of magic regeneration (around neck)
 g - a ring of protection from fire (left hand)
 l - a +6 ring of intelligence (right hand)
Wands
 m - a wand of roots (10)
 p - a wand of flame (22)
Scrolls
 f - 2 scrolls of identify {unknown}
 i - a scroll of teleportation {unknown}
 k - a scroll of amnesia {unknown}
 o - a scroll of vulnerability {unknown}
Miscellaneous
 c - a piece from Xom's chessboard (15/15)


   Skills:
 + Level 3.5 Fighting
 + Level 3.5 Axes
 + Level 2.1 Armour
 + Level 1.3 Dodging
 + Level 0.9 Stealth


You had 3 spell levels left.
You didn't know any spells.
Your spell library was empty.

Dungeon Overview and Level Annotations

Branches:
Dungeon (3/15)

Altars:

Shops:
D:2 *


Innate Abilities, Weirdness & Mutations

You have a pair of antennae on your head.
You are partially covered in icy blue scales. (AC +2)
Armour fits poorly on your strangely shaped body.
Your flesh is heat resistant. (rF+)
Your muscles are strong. (Str +4, Int/Dex -1)


Message History

You kill the dart slug!
You feel your strength returning.
You have reached level 4!
You feel clever.
Your demonic ancestry asserts itself...
Icy blue scales grow over part of your body.
Okay, then.
Xom twists space around you.
Your surroundings suddenly seem different.
Found 14 gold pieces.
Your surroundings suddenly seem different.
Found a scroll labelled XALATE PIDDE.
Found a stone staircase leading up.
An adder comes into view.
Found a stone staircase leading down.
The adder hisses angrily.
The adder barely misses you.
You hit the adder.
The adder is heavily wounded.
The adder misses you.
You hit the adder.
The adder is almost dead.
You feel less stealthy. The adder bites you.
* * * LOW HITPOINT WARNING * * *
The adder closely misses you.
You barely miss the adder.
The adder is almost dead.
You hit the adder.
The adder seems to speed up.
The adder bites you.
* * * LOW HITPOINT WARNING * * *
The adder bites you.
* * * LOW HITPOINT WARNING * * *
You are lethally poisoned!
The adder poisons you! The adder bites you but does no damage.
It was a potion of degeneration.
There was something very wrong with that liquid.
You feel weakened.
You feel dopey.
You feel clumsy.
* * * LOW HITPOINT WARNING * * *
You feel sick. The adder bites you but does no damage. The adder bites you.
* * * LOW HITPOINT WARNING * * *
The adder bites you.
You die...

#...........~≈~~≈≈≈~
#............≈≈≈≈≈~~
#............≈~≈#~~~
#####.............#~≈~≈≈
....................~~≈≈
.....................~
................
.......S.....#..
.......@........
.......S..######
.........?# ..........#
.####>....# ..#...#
.#...### .####.#


You could see 2 adders.

Vanquished Creatures
  2 adders
  6 dart slugs
  3 endoplasms
  2 giant cockroaches (D:1)
  5 goblins (D:1)
  3 hobgoblins (D:1)
  3 kobolds
  2 quokkas (D:1)
  2 ball pythons
  3 bats
  4 frilled lizards
  3 rats (D:1)
38 creatures vanquished.

Notes
Turn   | Place    | Note
-------+----------+-------------------------------------------
     0 | D:1      | xian the Demonspawn Chaos Knight began the quest for the
                  | Orb.
     0 | D:1      | Reached XP level 1. HP: 18/18 MP: 1/1
   151 | D:1      | Reached skill level 1 in Dodging
   180 | D:1      | XOM: silly message
   211 | D:1      | Gained mutation: You have a pair of small antennae on your
                  | head. [demonic ancestry]
   211 | D:1      | Reached XP level 2. HP: 24/24 MP: 2/2
   510 | D:1      | Found a faded altar of an unknown god.
   559 | D:1      | Reached XP level 3. HP: 29/29 MP: 3/3
   840 | D:2      | XOM: divination: magic mapping
   992 | D:2      | XOM: silly message
  1191 | D:2      | XOM: divination: detect creatures
  1224 | D:2      | XOM: divination: magic mapping
  1241 | D:2      | XOM: scenery: 1 doors open
  1244 | D:2      | XOM: polymorph bat -> goblin
  1325 | D:2      | Found Yttis's General Store.
  1360 | D:2      | XOM: give mutations
  1360 | D:2      | Gained mutation: Your flesh is heat resistant. (rF+) [Xom's
                  | grace]
  1360 | D:2      | Gained mutation: You have a pair of antennae on your head.
                  | [Xom's grace]
  1360 | D:2      | Gained mutation: Your muscles are strong. (Str +4, Int/Dex
                  | -1) [Xom's grace]
  1427 | D:2      | XOM: scenery: summon butterflies
  1552 | D:2      | XOM: cloud trail
  1599 | D:2      | XOM: give mutation
  1599 | D:2      | Gained mutation: Armour fits poorly on your strangely
                  | shaped body. [Xom's mischief]
  1637 | D:2      | XOM: stat loss: -1 Str (17/18)
  1667 | D:3      | XOM: stealth player
  1717 | D:3      | Gained mutation: You are partially covered in icy blue
                  | scales. (AC +2) [demonic ancestry]
  1717 | D:3      | Reached XP level 4. HP: 9/35 MP: 4/4
  1720 | D:3      | XOM: 2-stop teleportation journey
  1729 | D:3      | HP: 1/35 [adder (2)]
  1729 | D:3      | Slain by an adder

Illustrated notes

Levels and vault maps discovered:
D:1:      minmay_arrival_doors, layout_rooms,
          hellmonk_ecumenical_altar_arch_garden
D:2:      layout_basic, basic_altar, serial_shops, nicolae_shop_behind_doors
D:3:      kennysheep_slugbush, layout_rooms, led_sif_book

Skill      XL: |  1  2  3 |
---------------+----------+-----
Axes           | 3 |  3.5
Dodging        | 1 |  1.3
Armour         | 2 |  2.1
Fighting       | |  3.5
Stealth        | |  0.9

Action                   |  1- 3 |  4- 6 || total
-------------------------+-------+-------++-------
Melee: Hand axe          |    95 |     3 ||    98
Throw: Stone             |     4 |       ||     4
  Use: Potion            |       |     1 ||     1
Armor: Leather armour    |    60 |     2 ||    62
Dodge: Dodged            |    69 |     3 ||    72
